 Dungeon Crawl Stone Soup version 0.26.0-45-g9c1d065592 (webtiles) character file.

Game seed: 852474376721428090

3353 Gadfly the Spear-Bearer (level 9, -2/112 HPs)
             Began as a Minotaur Monk on Jan 29, 2021.
             Slain by a killer bee (6 damage)
             ... on level 7 of the Dungeon.
             The game lasted 00:14:58 (8734 turns).

Gadfly the Spear-Bearer (Minotaur Monk)             Turns: 8734, Time: 00:14:58

Health: -2/112     AC: 24    Str: 18    XL:     9   Next: 73%
Magic:  12/12      EV:  2    Int:  7    God:
Gold:   1150       SH:  0    Dex: 14    Spells: 8/8 levels left

rFire    . . .     SeeInvis +   d - +0 whip (venom)
rCold    . . .     Faith    .   (no shield)
rNeg     + + +     Spirit   .   (armour currently unavailable)
rPois    +         Reflect  .   (helmet currently unavailable)
rElec    .         Harm     .   (cloak currently unavailable)
rCorr    .         Rampage  .   (gloves currently unavailable)
Will     .....     NoTele   +   (boots currently unavailable)
Stlth    ++........             (no amulet)
HPRegen  0.28/turn              n - ring of see invisible
MPRegen  0.13/turn              (no ring)

@: lethally poisoned (-2 -> -14), tree-form
A: (retaliatory headbutt)
a: no special abilities


You were on level 7 of the Dungeon.
You were a tree.
You visited 2 branches of the dungeon, and saw 9 of its levels.

You collected 1150 gold pieces.

Inventory:

Hand Weapons
 a - a +2 halberd
 b - a +1 vorpal scythe
 d - a +0 whip of venom (weapon)
Armour
 i - a +1 pair of boots (melded)
 q - a +0 plate armour (melded)
Jewellery
 n - a ring of see invisible (left branch)
Wands
 j - a wand of iceblast (5) (quivered)
 l - a wand of disintegration (1)
Scrolls
 c - 5 scrolls of remove curse
 e - 2 scrolls of teleportation
 f - 2 scrolls of enchant weapon
 k - 4 scrolls of blinking
 m - a scroll of identify
 o - a scroll of fog
 r - 2 scrolls of magic mapping
Potions
 g - 3 potions of curing
 h - 2 potions of heal wounds
 p - a potion of flight
 s - 2 potions of mutation


   Skills:
 + Level 6.2 Fighting
 * Level 8.7 Polearms
 * Level 6.9 Armour
 - Level 3.2 Dodging
 - Level 1.5 Stealth
 + Level 6.5 Invocations
 * Level 6.4 Evocations


You had 8 spell levels left.
You didn't know any spells.
Your spell library contained the following spells:

 Spells                   Type           Power        Failure   Level
 Corona                   Hex            0%           43%         1
 Magic Dart               Conj           0%           43%         1
 Ensorcelled Hibernation  Hex/Ice        0%           56%         2
 Searing Ray              Conj           0%           56%         2
 Confusing Touch          Hex            0%           80%         3
 Dazzling Flash           Conj/Hex       0%           80%         3
 Gell's Gravitas          Tloc           0%           80%         3
 Tukima's Dance           Hex            0%           80%         3
 Fulminant Prism          Conj/Hex       0%           99%         4
 Iskenderun's Mystic Bla  Conj/Tloc      0%           99%         4
 Petrify                  Tmut/Erth      0%           99%         4
 Metabolic Englaciation   Hex/Ice        0%           100%        5
 Yara's Violent Unravell  Hex/Tmut       0%           100%        5


Dungeon Overview and Level Annotations

Branches:
Dungeon (8/15)             Temple (1/1) D:6            Lair (0/6) D:8

Altars:
Ashenzari
Dithmenos
Elyvilon
Fedhas
Hepliaklqana
Kikubaaqudgha
Makhleb
Okawaru
Qazlal
Ru
Sif Muna
Trog
Uskayaw
Wu Jian
Xom
Zin
The Shining One


Innate Abilities, Weirdness & Mutations

((You reflexively headbutt those who attack you in melee.))
((You have a pair of horns on your head.))


Message History

The killer bee poisons you!
You hit the killer bee but do no damage.
The killer bee is poisoned.
The killer bee is moderately wounded.
* * * LOW HITPOINT WARNING * * *
You feel sick.
The killer bee stings you but does no damage. x4
You hit the killer bee but do no damage.
The killer bee is heavily wounded.
* * * LOW HITPOINT WARNING * * *
You feel sick. The killer bee stings you.
* * * LOW HITPOINT WARNING * * *
The killer bee stings you.
* * * LOW HITPOINT WARNING * * *
The killer bee stings you but does no damage. x4
You hit the killer bee.
The killer bee is poisoned.
The killer bee is moderately wounded.
* * * LOW HITPOINT WARNING * * *
You feel sick. The killer bee stings you.
You die...

####..........##...≈P≈.≈≈≈≈P.#
#....###########.P≈.≈≈≈≈≈≈≈≈♣###
#................P.≈≈≈≈≈≈≈≈≈...)
#............####...≈≈≈≈≈.≈≈.#.#
#............# #..≈≈.≈≈.≈≈P.#.#
##............#####.#♣..P.#P#.#.#
#................##############.#
#.............##y###...#### #.#
#.....#######>†y♣..'...[..## #.#
#.#........#########...##..# #.#
#..)...###.#.))..# #...###.# #.#
###.#.## #.#.###.# ##### #.# #.#
###.#.# #.#.# #.# #.# #.# ....#.#
#.#.# #=# #.## #.# #####.# #.#.#
#)# #..# #.# # #.#.####.#.# #.#
##.###.# # #.[....#.#.###.###
#..##.#


You could see 2 killer bees.

Vanquished Creatures
  Grinder (D:5)
  Sigmund (D:2)
  A water moccasin (D:6)
  A sky beast (D:6)
  A phantom (D:7)
  An ice beast (D:7)
  A wolf (D:8)
  3 ogres (D:7)
  Blork the orc (D:4)
  7 bullfrogs
  A gnoll sergeant (D:8)
  2 killer bees (D:7)
  2 scorpions
  8 wights (D:7)
  An electric eel (D:7)
  2 bullfrog zombies
  A centaur zombie (D:7)
  8 hounds
  A jelly (D:7)
  4 orc priests
  4 orc wizards
  A bullfrog skeleton (D:7)
  Jessica (D:2)
  2 gnoll shamans (D:8)
  Ijyb (D:5)
  Terence (D:3)
  3 worker ants
  A killer bee zombie (D:8)
  A hound skeleton (D:5)
  9 adders
  9 gnolls (D:8)
  A howler monkey zombie (D:7)
  A shadow imp (D:8)
  A white imp (D:5)
  An ufetubus (D:6)
  An ooze (D:2)
  An adder skeleton (D:7)
  A worm (D:2)
  A dart slug (D:3)
  4 leopard geckos
  20 orcs
  2 ball pythons (D:1)
  7 giant cockroaches
  5 hobgoblins
  3 jackals
  4 quokkas
  7 bats
  7 frilled lizards
  3 goblins
  9 kobolds
  A quokka zombie (D:5)
  7 rats
168 creatures vanquished.

Vanquished Creatures (others)
  A wizard (D:4)
  An orc wizard (D:7)
  A bat (D:3)
  A quokka (D:3)
  2 fungi (D:8)
  A plant (D:7)
7 creatures vanquished.

Grand Total: 175 creatures vanquished

Notes
Turn   | Place    | Note
-------+----------+-------------------------------------------
     0 | D:1      | Gadfly the Minotaur Monk began the quest for the Orb.
     0 | D:1      | Reached XP level 1. HP: 19/19 MP: 0/0
     6 | D:1      | Noticed an iguana
     6 | D:1      | Noticed a soldier ant
     7 | D:1      | Noticed a fire giant
   166 | D:1      | Reached skill level 1 in Armour
   166 | D:1      | Reached XP level 2. HP: 26/26 MP: 1/1
   363 | D:1      | Reached skill level 1 in Invocations
   404 | D:1      | Reached skill level 1 in Evocations
   540 | D:2      | Noticed Sigmund
   568 | D:1      | Reached XP level 3. HP: 23/31 MP: 2/2
  1019 | D:2      | Killed Sigmund
  1020 | D:2      | Reached skill level 4 in Polearms
  1020 | D:2      | Reached XP level 4. HP: 24/39 MP: 2/4
  1020 | D:2      | Reached XP level 5. HP: 27/45 MP: 2/5
  1424 | D:2      | Noticed Jessica
  1435 | D:2      | Killed Jessica
  1878 | D:3      | Reached XP level 6. HP: 51/51 MP: 7/7
  1915 | D:3      | Found a white marble altar of Elyvilon.
  2506 | D:3      | Noticed Terence
  2512 | D:3      | Killed Terence
  2863 | D:4      | Found a shadowy altar of Dithmenos.
  2920 | D:4      | Reached skill level 5 in Polearms
  3091 | D:4      | Reached XP level 7. HP: 53/58 MP: 8/8
  3131 | D:4      | Found a glowing silver altar of Zin.
  3164 | D:4      | Noticed Blork the orc
  3176 | D:4      | Killed Blork the orc
  3363 | D:4      | Found a bloodstained altar of Trog.
  3364 | D:4      | Noticed a wizard
  3369 | D:4      | Killed a wizard
  3709 | D:5      | Entered Level 5 of the Dungeon
  3713 | D:5      | Noticed Grinder
  3920 | D:5      | Killed Grinder
  3921 | D:5      | Reached skill level 6 in Polearms
  4049 | D:5      | Found a sacrificial altar of Ru.
  4062 | D:5      | Reached XP level 8. HP: 63/67 MP: 10/10
  4728 | D:5      | Noticed Ijyb
  4740 | D:5      | Killed Ijyb
  5000 | D:5      | Identified a scroll of acquirement
  5000 | D:5      | Acquired 755 gold pieces
  5089 | D:6      | Reached skill level 5 in Armour
  5093 | D:6      | Reached skill level 5 in Invocations
  5103 | D:6      | Reached skill level 5 in Fighting
  5223 | D:6      | Found a staircase to the Ecumenical Temple.
  5276 | Temple   | Entered the Ecumenical Temple
  5639 | D:6      | Reached skill level 7 in Polearms
  5639 | D:6      | Reached skill level 5 in Evocations
  6389 | D:7      | Got a slimy bone ring
  6476 | D:7      | Reached XP level 9. HP: 65/74 MP: 12/12
  7158 | D:7      | Reached skill level 8 in Polearms
  7364 | D:7      | Identified the ring "Vurph" {Int+4 Stlth+} (You found it on
                  | level 7 of the Dungeon)
  8223 | D:8      | Found a staircase to the Lair.
  8240 | D:8      | Noticed an unseen horror
  8240 | D:8      | Noticed a centaur warrior
  8240 | D:8      | Noticed a cyclops
  8734 | D:7      | HP: 4/112 [poisoned by a killer bee]
  8734 | D:7      | Slain by a killer bee

Illustrated notes

Levels and vault maps discovered:
D:1:      onia_arrival_zoo_common, layout_rooms, minmay_stone_trees_small,
          minmay_lizard_pond
D:2:      layout_basic, uniq_jessica, uniq_sigmund
D:3:      layout_basic, elyvilon_altar_4, uniq_terence
D:4:      layout_basic, grunt_dithmenos_smoke, zin_academy, trog_wizard,
          uniq_blork_the_orc
D:5:      layout_layer_cave, lemuel_round_altar, st_stairs_1, uniq_grinder,
          uniq_ijyb
D:6:      layout_cave_pools, minmay_temple_entry_stoned_glass
D:7:      layout_basic, serial_bayou_pond_b, kennysheep_potato
D:8:      layout_cave_pools, nemelex_xobeh_ov_fountains_minmay,
          nicolae_overflow_hidden_temple, dpeg_oklobed_lair, serial_gnoll_camp,
          gnoll_camp_mini_shop, gnoll_camp_mini_house, gnoll_camp_mini_sergeant,
          gnoll_camp_mini_shop, gnoll_camp_mini_loothouse, gnoll_camp_medium_01,
          minivault_12, uniq_grum
Temple:   nicolae_temple_figure_eight

Skill      XL: |  1  2  3  4  5  6  7  8  9 |
---------------+----------------------------+-----
Armour         | 1 3 4 5 6 |  6.9
Invocations    | 1 2 3 4 5 6 |  6.5
Evocations     | 1 2 3 4 5 6 |  6.4
Polearms       | 4 5 6 7 8 |  8.7
Fighting       | 4 5 6 |  6.2
Dodging        | |  3.2
Stealth        | |  1.5

Action                   |  1- 3 |  4- 6 |  7- 9 || total
-------------------------+-------+-------+-------++-------
Melee: Spear             |    73 |    12 |    10 ||    95
       Headbutt          |    10 |    17 |    89 ||   116
       Scythe            |       |   110 |    77 ||   187
       Whip              |       |    18 |   300 ||   318
       Halberd           |       |       |    48 ||    48
       Trident           |       |       |    21 ||    21
  Use: Scroll            |     4 |     3 |    10 ||    17
       Potion            |     1 |     2 |     4 ||     7
Armor: Scale mail        |    13 |       |       ||    13
       Robe              |     1 |       |       ||     1
       Chain mail        |    10 |   118 |   154 ||   282
       Plate armour      |       |       |   246 ||   246
       Skin              |       |       |    17 ||    17
Dodge: Dodged            |    29 |    86 |   197 ||   312
